 Dungeon Crawl Stone Soup version 0.31-a0-164-g2312942fda (webtiles) character file.

Game seed: 10811851211623187718

2307049 Serulin the Invulnerable (level 27, 193/193 HPs)
             Began as a Gargoyle Fighter on June 13, 2023.
             Was an Initiate of Gozag.
             Escaped with the Orb
             ... and 4 runes on June 14, 2023!
             The game lasted 05:50:56 (75438 turns).

Serulin the Invulnerable (Gargoyle Fighter)        Turns: 75438, Time: 05:50:57

Health: 193/193    AC: 74    Str: 36      XL:     27
Magic:  49/49      EV: 15    Int:  9      God:    Gozag
Gold:   2707       SH: 36    Dex: 10 (13) Spells: 52/52 levels left

rFire   + + +        a - +8 mithril axe "Arga" {speed, Will+}
rCold   + + .        C - +8 tower shield {rN+}
rNeg    + + .        l - +9 plate armour "Boclumih" {Harm +Blink}
rPois   ∞            i - +2 helmet
rElec   +            A - +2 cloak {Will+}
rCorr   +            Z - +3 pair of gauntlets of War {Slay+5}
SInv    +            S - +3 pair of mountain boots {steadfast, rC+}
Will    +++++        P - amulet of reflection Stlth
                     T - ring of Xom's Capriciousness {Will+ MP+9 Str+4 SInv}
HPRegen 0.52/turn    Y - ring of Iwedopn {rF+++ rCorr AC+4 Str-2 Dex+6}
MPRegen 0.31/turn

%: harm (+30% outgoing, +20% incoming), reflection
@: flying, studying 2 skills
A: sickness immunity, AC +20, big wings, negative energy resistance 1,
electricity resistance, torment resistance 1, petrification resistance, hooves
1, clumsy 1, cold resistance 1, wild magic 1, no potion heal 1, inability to
read after injury 1
0: Orb of Zot
}: 4/15 runes: serpentine, slimy, silver, abyssal
a: Renounce Religion, Evoke Blink, Potion Petition, Call Merchant, Bribe Branch


You escaped.
You worshipped Gozag.
Gozag was most pleased with you.
You visited 15 branches of the dungeon, and saw 61 of its levels.
You visited the Abyss 5 times.
You visited 2 bazaars.
You also visited: Sewer, Gauntlet and Ice Cave.

You collected 39531 gold pieces.
You spent 8674 gold pieces at shops.
You paid 28150 gold pieces to Gozag.

Inventory:

Hand Weapons
 a - the +8 mithril axe "Arga" (weapon) {speed, Will+}
   (You took it off a deep elf demonologist on level 3 of the Elven Halls)

   Will:      It increases your willpower.
 g - the +9 sling "Ihyhostre" {heavy, rElec rPois Dex+3}
   (You found it on level 5 of the Vaults)

   Dex:       It affects your dexterity (+3).
   rElec:     It insulates you from electricity.
   rPois:     It protects you from poison.
 x - a +6 morningstar of flaming
Missiles
 N - 6 silver javelins
 O - 3 throwing nets
Armour
 i - a +2 helmet (worn)
 l - the +9 plate armour "Boclumih" (worn) {Harm +Blink}
   (You bought it in a shop on level 10 of the Dungeon)

   +Blink:    It lets you blink.
   Harm:      It increases damage dealt and taken.
 A - a +2 cloak of willpower (worn)
 C - a +8 tower shield of positive energy (worn)
 S - the +3 pair of mountain boots (worn) {steadfast, rC+}
   (You acquired it on level 4 of the Vaults)

   Steadfast: It prevents involuntary movement, except for blinking,
   teleportation, or banishment.
   rC:        It protects you from cold.
 Z - the +3 pair of gauntlets of War (worn) {Slay+5}
   (You bought it in a shop on level 2 of the Elven Halls)

   Slay:      It affects your accuracy & damage with ranged weapons and melee
   (+5).
Jewellery
 e - an amulet of regeneration
 P - an amulet of reflection (around neck)
 T - the ring of Xom's Capriciousness (left hand) {Will+ MP+9 Str+4 SInv}
   (You took it off a deep elf death mage on level 3 of the Elven Halls)

   [ring of magical power]

   Str:       It affects your strength (+4).
   MP:        It affects your magic capacity (+9).
   SInv:      It lets you see invisible.
   Will:      It increases your willpower.
 W - the macabre finger necklace {Finger+ rN+}
   (You found it on level 5 of the Lair of Beasts)

   [amulet of nothing]

   Finger+:   It enables you to equip an extra ring.
   rN:        It protects you from negative energy.
 X - a ring of willpower
 Y - the ring of Iwedopn (right hand) {rF+++ rCorr AC+4 Str-2 Dex+6}
   (You bought it in a shop on level 2 of the Orcish Mines)

   [ring of protection]

   AC:        It affects your AC (+4).
   Str:       It affects your strength (-2).
   Dex:       It affects your dexterity (+6).
   rF:        It renders you almost immune to fire.
   rCorr:     It protects you from acid and corrosion.
Wands
 b - a wand of charming (77)
 s - a wand of polymorph (58)
 v - a wand of mindburst (33)
 L - a wand of digging (4)
 R - a wand of flame (68)
Scrolls
 h - 8 scrolls of blinking
 p - 5 scrolls of silence
 r - 19 scrolls of teleportation
 u - 12 scrolls of fog
 w - 10 scrolls of fear
 z - 13 scrolls of vulnerability
 B - 6 scrolls of summoning
 G - 4 scrolls of immolation
 H - 7 scrolls of enchant weapon
 I - 3 scrolls of enchant armour
 Q - 8 scrolls of revelation
 V - a scroll of brand weapon
Potions
 c - 2 potions of ambrosia
 d - 6 potions of mutation
 f - 4 potions of invisibility
 j - 5 potions of attraction
 k - 5 potions of enlightenment
 m - 6 potions of resistance
 n - 6 potions of haste
 o - 2 potions of heal wounds
 q - 22 potions of curing
 D - 8 potions of brilliance
 E - 4 potions of berserk rage
 F - 4 potions of lignification
 J - 3 potions of cancellation
 K - 7 potions of might
Miscellaneous
 t - a sack of spiders
 y - a lightning rod (4/4)
 M - a tin of tremorstones (2/2)
 U - the horn of Geryon


   Skills:
 + Level 25.5 Fighting
 - Level 18.4(20.2) Axes
 - Level 15.3(19.6) Maces & Flails
 - Level 3.4 Ranged Weapons
 O Level 27 Armour
 - Level 17.9 Dodging
 + Level 26.7 Shields
 * Level 13.3 Spellcasting
 + Level 10.7 Conjurations
 + Level 6.3 Earth Magic
 - Level 7.6 Invocations
 - Level 12.4 Evocations


You had 52 spell levels left.
You didn't know any spells.
Your spell library contained the following spells:

 Spells                   Type           Power      Damage    Failure   Level
 Magic Dart               Conj           100%       1d8       1%          1
 Searing Ray              Conj           66%        2d6       1%          2
 Sandblast                Erth           44%        2d11      3%          1
 Foxfire                  Conj/Fire      80%        2x1d8     4%          1
 Shock                    Conj/Air       80%        1d8       4%          1
 Stone Arrow              Conj/Erth      54%        3d10      4%          3
 Momentum Strike          Conj/Tloc      40%        3d9       7%          2
 Dazzling Flash           Conj/Hex       40%        N/A       13%         3
 Hailstorm                Conj/Ice       20%        3d6       13%         3
 Iskenderun's Battlesphe  Conj           33%        2d9       13%         5
 Passwall                 Tmut/Erth      12%        N/A       16%         2
 Mephitic Cloud           Conj/Pois/Air  16%        N/A       24%         3
 Freeze                   Ice            28%        1d5       34%         1
 Slow                     Hex            28%        N/A       34%         1
 Summon Small Mammal      Summ           28%        N/A       34%         1
 Flame Wave               Conj/Fire      20%        2d7       34%         4
 Fulminant Prism          Conj/Hex       10%        3d9       34%         4
 Iskenderun's Mystic Bla  Conj/Tloc      20%        2d6       34%         4
 Sticky Flame             Conj/Fire      20%        2d4       34%         4
 Blink                    Tloc           14%        N/A       45%         2
 Call Imp                 Summ           14%        N/A       45%         2
 Ensorcelled Hibernation  Hex/Ice        14%        N/A       45%         2
 Lesser Beckoning         Tloc           14%        N/A       45%         2
 Scorch                   Fire           14%        2d6       45%         2
 Wereblood                Tmut           7%         N/A       45%         2
 Lee's Rapid Deconstruct  Erth           11%        3d8*      54%         5
 Animate Armour           Summ/Erth      30%        N/A       65%         4
 Leda's Liquefaction      Hex/Erth       7%         N/A       65%         4
 Petrify                  Tmut/Erth      15%        N/A       65%         4
 Call Canine Familiar     Summ           7%         N/A       67%         3
 Confusing Touch          Hex            7%         N/A       67%         3
 Frozen Ramparts          Ice            14%        1d3       67%         3
 Gell's Gravitas          Tloc           7%         N/A       67%         3
 Ignite Poison            Fire/Tmut/Pois 7%         N/A       67%         3
 Ozocubu's Armour         Ice            7%         N/A       67%         3
 Portal Projectile        Hex/Tloc       14%        N/A       67%         3
 Spider Form              Tmut/Pois      7%         N/A       67%         3
 Summon Guardian Golem    Hex/Summ       7%         N/A       67%         3
 Swiftness                Air            7%         N/A       67%         3
 Teleport Other           Tloc           7%         N/A       67%         3
 Tukima's Dance           Hex            7%         N/A       67%         3
 Vampiric Draining        Necr           7%         2d6       67%         3
 Vhi's Electric Charge    Tloc/Air       14%        N/A       67%         3
 Volatile Blastmotes      Fire/Tloc      14%        2d11      67%         3
 Arcjolt                  Conj/Air       10%        1d20      67%         5
 Fireball                 Conj/Fire      10%        3d6       67%         5
 Irradiate                Conj/Tmut      10%        3d15      67%         5
 Leda's Unmaking          Conj/Erth      13%        9d3       82%         6
 Freezing Cloud           Conj/Ice/Air   8%         6-21      88%         5
 Airstrike                Air            3%         2d(1-17)  96%         4
 Anguish                  Hex/Necr       3%         N/A       96%         4
 Cause Fear               Hex            3%         N/A       96%         4
 Dispel Undead            Necr           7%         3d8       96%         4
 Ice Form                 Ice/Tmut       7%         N/A       96%         4
 Manifold Assault         Tloc           7%         N/A       96%         4
 Passage of Golubria      Tloc           7%         N/A       96%         4
 Summon Ice Beast         Ice/Summ       7%         N/A       96%         4
 Summon Lightning Spire   Summ/Air       7%         N/A       96%         4
 Orb of Destruction       Conj           16%        9d7       96%         7
 Conjure Ball Lightning   Conj/Air       10%        3x3d6     99%         6
 Starburst                Conj/Fire      10%        6d5       99%         6
 Blade Hands              Tmut           3%         N/A       100%        5
 Summon Forest            Summ/Tloc      3%         N/A       100%        5
 Summon Mana Viper        Hex/Summ       7%         N/A       100%        5
 Yara's Violent Unravell  Hex/Tmut       3%         3d4       100%        5
 Death Channel            Necr           3%         N/A       100%        6
 Plasma Beam              Fire/Air       3%         2x1d13    100%        6
 Summon Cactus Giant      Summ           3%         N/A       100%        6
 Dragon Form              Tmut           3%         N/A       100%        7
 Enfeeble                 Hex            3%         N/A       100%        7
 Haunt                    Necr/Summ      3%         N/A       100%        7
 Malign Gateway           Summ/Tloc      3%         N/A       100%        7
 Ozocubu's Refrigeration  Ice            3%         4d8       100%        7
 Spellforged Servitor     Conj/Summ      10%        N/A       100%        7
 Summon Hydra             Summ           3%         N/A       100%        7
 Ignition                 Fire           3%         3d4       100%        8
 Infestation              Necr           3%         N/A       100%        8
 Lehudib's Crystal Spear  Conj/Erth      13%        10d5      100%        8
 Maxwell's Capacitive Co  Air            3%         ∞         100%        8
 Summon Horrible Things   Summ           3%         N/A       100%        8
 Chain Lightning          Conj/Air       10%        3d13      100%        9
 Fire Storm               Conj/Fire      10%        8d3       100%        9
 Polar Vortex             Ice            3%         N/A       100%        9
 Shatter                  Erth           11%        3d12*     100%        9
 Cigotuvi's Dreadful Rot  Necr/Pois/Air  Unusable   N/A       N/A         2
 Sublimation of Blood     Necr           Unusable   N/A       N/A         2
 Animate Dead             Necr           Unusable   N/A       N/A         4
 Simulacrum               Ice/Necr       Unusable   N/A       N/A         6
 Statue Form              Tmut/Erth      Unusable   N/A       N/A         6

Dungeon Overview and Level Annotations

Branches:
Dungeon (15/15)            Temple (1/1) D:4            Lair (5/5) D:9
  Swamp (4/4) Lair:2        Snake (4/4) Lair:3        Slime (5/5) Lair:4
    Orc (2/2) D:9             Elf (3/3) Orc:2        Vaults (5/5) D:13
  Crypt (3/3) Vaults:2       Tomb (2/3) Crypt:3      Depths (4/4) D:15
   Hell (visited)             Dis (0/7) Hell            Geh (2/7) Hell
    Coc (0/7) Hell            Tar (0/7) Hell            Zot (5/5) Depths:4
  Sewer (visited)           IceCv (visited)         Gauntlet (visited)

Altars:
Ashenzari
Cheibriados
Dithmenos
Elyvilon
Fedhas
Gozag
Hepliaklqana
Kikubaaqudgha
Makhleb
Nemelex Xobeh
Okawaru
Qazlal
Ru
Sif Muna
Trog
Uskayaw
Vehumet
Wu Jian
Xom
Yredelemnul
Zin
The Shining One
Lugonu

Shops:
D:2 *   D:7 [   D:10 [   Orc:1 **?   Orc:2 (*([=   Elf:1 [   Elf:2 [[[![
Lair:2 =   Swamp:1 =   Snake:1 *   Snake:3 (:   Snake:4 *(?*   Vaults:5 !
Depths:2 [?   Depths:3 =[

Portals:
Hell: Depths:1 Depths:2 Depths:3 Depths:4
Abyss: Lair:5 Depths:2 Depths:3
Pandemonium: Depths:2 Depths:4
Ziggurat: Depths:4


Innate Abilities, Weirdness & Mutations

You are immune to sickness and miasma.
Your stone body is resilient. (AC +20)
You are immune to poison.
Your large and strong wings let you fly.
You resist negative energy. (rN+)
You are resistant to electric shocks. (rElec)
You are resistant to unholy torment.
You are immune to petrification.
You have large cloven feet.
You are clumsy. (Dex -2)
Your flesh is cold resistant. (rC+)
Your spells are a little harder to cast, but a little more powerful.
Potions are less effective at restoring your health.
You occasionally lose the ability to read scrolls when taking damage.


Message History

You fly upwards.
There is a stone staircase leading down here.
There is an open door here.
You reach down and open the door.
There is an open door here.
There is a stone staircase leading up here.
You fly upwards.
There is a stone staircase leading down here.
There is a fountain of clear blue water here.
There is an escape hatch in the ceiling here.
A mysterious force pulls you upwards. The hatch slams shut behind you.
A blizzard demon comes into view.
The blizzard demon waves its arms in wide circles.
The air twists around and strikes you. The blizzard demon barely misses you.
You block the blizzard demon's attack.
You carve the blizzard demon like a ham!!!
The blizzard demon is severely wounded.
You slice the blizzard demon!!
You kill the blizzard demon!
You now have 2707 gold pieces (gained 11).
An orange demon comes into view.
The orange demon screeches!
You block the orange demon's attack.
There is a stone staircase leading up here.
You block the orange demon's attack.
You fly upwards.
There is a stone staircase leading down here.
There is a stone staircase leading up here.
You fly upwards.
There is a stone staircase leading down here.
There is a stone staircase leading up here.
You fly upwards.
There is a stone staircase leading down here.
There is a stone staircase leading up here.
You fly upwards.
There is a stone staircase leading down here.
There is an open door here.
You see here 7 stones.
There is a staircase leading out of the dungeon here.
You have escaped!

######...#####.##..#
# ##### #'###+# #
##.###.## #
#...>...# #
#...#...# #
#...#...# #
#..(#...# #
#.......# #
#...@...# #
#.......# #########


There were no monsters in sight!

Vanquished Creatures
  the Royal Jelly (Slime:5)
  4 dread liches
  5 orbs of fire
  3 ancient liches
  Mara (Depths:3)
  Khufu (Crypt:1)
  A juggernaut (Depths:3)
  Sojobo (Depths:3)
  9 royal mummies
  Boris (twice) (Vaults:3 Zot:3)
  2 Killer Klowns (Zot:5)
  Frederick (Vaults:2)
  Margery (Crypt:3)
  2 caustic shrikes (Depths:3)
  Geryon (Hell)
  A golden dragon (shapeshifter) (Vaults:5)
  11 golden dragons
  2 profane servitors (Abyss:5)
  Nikola (Vaults:2)
  8 bone dragons
  2 doom hounds (Zot:2)
  6 electric golems
  A shard shrike zombie (Abyss:5)
  A hellephant (Depths:2)
  Jorgrun (D:9)
  12 liches
  A walking crystal tome (Abyss:5)
  17 Orb Guardians
  19 tentacled monstrosities
  A walking earthen tome (Depths:3)
  2 deep elf blademasters
  2 searing wretches
  Grunn (Zot:2)
  A walking divine tome (Depths:3)
  3 quicksilver dragons
  5 titans
  2 deep elf master archers (Elf:3)
  20 acid blobs
  4 ancient champions
  26 tentacled starspawn
  9 sphinxes
  9 death cobs
  2 thorn hunters
  Murray (Depths:1)
  4 shadow dragons
  10 storm dragons
  3 tengu reavers
  10 azure jellies
  Donald (Elf:2)
  14 fire giants
  5 draconian monks
  4 revenants
  7 rockslimes
  A daeva (Abyss:5)
  4 draconian knights
  The ghost of Palms the Placeless Kobold, an adept KoEn of Wu Jian (Swamp:4)
  Louise (D:15)
  5 deep elf sorcerers
  2 caustic shrike zombies
  A ghost moth (Abyss:5)
  15 frost giants
  An iron dragon (Depths:3)
  A shard shrike simulacrum (Abyss:3)
  3 draconian scorchers
  5 balrugs
  11 vault wardens
  A ghoul (Crypt:1)
  3 draconian stormcallers
  3 draconian shifters
  3 curse skulls
  Aizul (Snake:2)
  3 formless jellyfish
  3 orc warlords
  5 deep elf elementalists (Elf:3)
  2 cacodemons (Abyss:5)
  7 spriggan defenders
  The ghost of knightboat the Eclecticist, an adept KoEn of Wu Jian (Snake:1)
  A caustic shrike skeleton (D:15)
  7 quicksilver oozes
  14 ironbound preservers
  8 war gargoyles
  21 stone giants
  8 reapers
  18 very ugly things
  3 deep elf demonologists
  4 draconian annihilators
  The ghost of Fyreb the Severer, a journeyman MiBe of Trog (Orc:1)
  Nessos (D:15)
  4 ironbound thunderhulks
  4 lorocyprocas
  3 green draconians
  A putrid mouth (Hell)
  5 vampire knights
  9 black draconians
  3 eleionomae
  6 dire elephants
  A spark wasp (Depths:3)
  A minotaur (Gauntlet)
  2 bunyips (Swamp:4)
  A bennu (Tomb:1)
  4 red draconians
  5 yellow draconians
  6 purple draconians
  A halazid warlock (Hell)
  3 deep elf annihilators
  11 white draconians
  8 deep elf death magi
  3 green deaths (Abyss:5)
  2 eidola (Crypt:2)
  Josephine (Orc:1)
  2 iron golems (Hell)
  6 crystal guardians
  3 shambling mangroves
  A quicksilver dragon zombie (Crypt:1)
  9 mummy priests
  3 entropy weavers
  6 blizzard demons
  2 entropy weavers (shapeshifter)
  14 ettins
  15 yaktaur captains
  7 fire dragons
  A jiangshi (Crypt:1)
  4 deep elf high priests
  A fenstrider witch zombie (Crypt:1)
  Fannar (Lair:1)
  4 great orbs of eyes
  26 vault guards
  2 peacekeepers
  The ghost of rabbitsville the Ogre Mage, a journeyman OgCj of Okawaru (Lair:1)
  5 rakshasas
  21 anacondas
  A quicksilver dragon skeleton (Crypt:1)
  18 hydras
  Erolcha (D:11)
  10 centaur warriors
  11 ice dragons
  2 death knights
  6 salamander tyrants
  7 spriggan air magi
  10 ironbound frosthearts
  3 catoblepae
  3 ogre magi
  Erica (Orc:1)
  A spriggan skeleton (Crypt:1)
  2 boulder beetles
  7 alligators
  17 naga warriors
  9 two-headed ogres
  34 death scarabs (Tomb:2)
  5 vampire magi
  11 deep troll shamans
  29 hell hogs
  3 titan zombies (Crypt:3)
  An orc high priest (D:9)
  4 spriggan berserkers
  12 death yaks
  A tengu warrior (Depths:1)
  66 thrashing horrors
  8 deep troll earth magi
  13 naga sharpshooters
  33 dancing weapons
  2 storm dragon zombies
  37 hell knights
  9 shock serpents
  A demonic crawler (Abyss:5)
  8 soul eaters
  7 iron trolls
  11 deep elf knights
  Amaemon (Lair:2)
  3 fire crabs
  15 sun demons
  8 sixfirhies
  29 skeletal warriors
  A bunyip zombie (Crypt:3)
  7 goliath frogs
  Lodul (D:14)
  20 wretched stars
  6 spatial maelstroms
  An anaconda zombie (Hell)
  5 salamander mystics
  3 shadow wraiths
  A skyshark (Lair:4)
  6 spriggan druids
  44 deep trolls
  2 sea snakes (Snake:3)
  An iron giant zombie (Crypt:2)
  11 glowing orange brains
  An obsidian statue (Snake:1)
  6 flayed ghosts
  3 naga ritualists (Snake:4)
  2 shadow demons
  12 swamp dragons
  Pikel (D:5)
  6 bog bodies
  15 wizards
  A sea snake (shapeshifter) (Depths:3)
  A bunyip skeleton (Abyss:2)
  21 ironbound convokers
  10 phantasmal warriors
  4 deep elf archers
  14 lindwurms
  14 orc knights
  32 deep elf zephyrmancers
  A spriggan simulacrum (Tomb:2)
  36 ugly things
  A broodmother zombie (Crypt:2)
  A goliath frog zombie (Crypt:2)
  A fire giant zombie (D:15)
  23 necromancers
  A frost giant zombie (Vaults:4)
  7 mana vipers
  29 deep elf pyromancers
  A wolf spider (Depths:4)
  7 shining eyes
  4 manticores
  10 orc sorcerers
  8 will-o-the-wisps
  A draconian (Abyss:3)
  A manticore (shapeshifter) (Depths:3)
  16 moths of wrath
  18 salamanders
  10 worldbinders
  A moth of wrath (shapeshifter) (Elf:1)
  A cyclops (D:15)
  A toenail golem (Abyss:5)
  63 large abominations
  6 naga magi
  A stone giant skeleton (Crypt:1)
  19 vault sentinels
  Maurice (D:8)
  A dire elephant zombie (Crypt:1)
  12 elephants
  4 ice statues
  An elephant (shapeshifter) (Vaults:5)
  3 rust devils
  2 naga zombies
  35 black mambas
  4 molten gargoyles
  28 smoke demons
  12 guardian serpents
  7 orange demons
  2 centaur skeletons
  5 centaur zombies
  A titan simulacrum (Abyss:5)
  2 apocalypse crabs (Abyss:5)
  2 eyes of devastation
  4 human skeletons
  A gargoyle (D:12)
  3 unseen horrors
  12 cane toads
  5 hellions
  A green draconian zombie (Crypt:1)
  4 spriggan zombies
  An iron dragon skeleton (Crypt:3)
  2 naga skeletons
  A sea snake zombie (Hell)
  11 freezing wraiths
  5 efreet
  A dire elephant skeleton (Tomb:2)
  2 kobold demonologists
  25 yaktaurs
  2 rime drakes
  3 tormentors
  4 ice devils
  9 komodo dragons
  A yaktaur skeleton (Vaults:3)
  12 trolls
  30 ancient zymes
  24 guardian mummies
  A queen bee (Abyss:5)
  A red devil (D:11)
  A polar bear (shapeshifter) (Abyss:3)
  A sea snake skeleton (Crypt:1)
  5 harpy zombies
  5 tengu conjurers
  A hydra zombie (Hell)
  16 polar bears
  5 hellwings
  2 raiju (shapeshifter) (Lair:5)
  5 saltlings (Orc:2)
  A tarantella (Vaults:4)
  Prince Ribbit (D:5)
  38 blink frogs
  2 harpy skeletons
  5 meliai (Abyss:5)
  Grinder (D:5)
  A tarantella (shapeshifter) (Vaults:4)
  17 hornets
  9 tyrant leeches
  An alligator zombie (Hell)
  59 raiju
  3 ettin zombies
  A fire dragon zombie (Crypt:1)
  63 slime creatures
  An ettin skeleton (Crypt:3)
  5 vampires
  3 air elementals
  64 flying skulls
  A centaur simulacrum (Gauntlet)
  50 yaks
  19 spriggans
  5 water elementals
  7 ynoxinuls
  6 ushabtiu
  2 fire bats (Abyss:5)
  3 shadows
  11 wraiths
  2 basilisks
  2 wyverns
  3 fire elementals
  A hog (Depths:4)
  11 chaos spawn
  7 steam dragons
  15 neqoxecs
  13 golden eyes
  3 redbacks
  9 vampire mosquitoes
  9 wargs
  46 nagas
  2 harpy simulacra
  2 sea snake simulacra (Hell)
  An elf simulacrum (Vaults:4)
  10 spatial vortices
  Menkaure (D:6)
  13 swamp worms
  Edmund (D:6)
  A demonspawn zombie (Crypt:2)
  An acid dragon (D:11)
  Duvessa (D:4)
  2 floating eyes
  2 hydra simulacra
  12 water moccasins
  5 hell hounds (Abyss:3)
  2 fire dragon simulacra (Depths:4)
  A sky beast (D:6)
  An alligator simulacrum (Hell)
  A cane toad skeleton (Crypt:2)
  8 swamp drakes
  2 ice beasts
  24 orc warriors
  3 black bears
  A black mamba simulacrum (Depths:4)
  33 wolves
  3 boggarts
  15 ogres
  12 centaurs
  43 small abominations
  2 swamp dragon skeletons
  2 phantoms (D:9)
  A hog skeleton (Crypt:2)
  9 bullfrogs
  A kobold brigand (D:11)
  Blork the orc (D:5)
  2 necrophages (Crypt:3)
  3 earth elementals
  An ogre simulacrum (Vaults:4)
  10 wights
  Dowan (D:5)
  A troll zombie (D:9)
  20 killer bees
  A troll skeleton (Crypt:2)
  5 howler monkeys
  A wolf zombie (Crypt:1)
  2 electric eels (D:10)
  A lava snake (Depths:4)
  8 jellies
  5 quasits
  3 human zombies (Crypt:1)
  3 hounds
  2 sleepcaps
  72 starcursed masses
  3 gnoll boudas
  An iron imp (Abyss:2)
  10 orc priests
  2 iguanas
  16 orc wizards
  8 hell rats
  2 troll simulacra (Depths:4)
  5 ogre zombies (D:9)
  A sky beast zombie (Crypt:1)
  40 mummies
  A howler monkey zombie (Crypt:1)
  24 gnolls
  15 adders
  A howler monkey skeleton (Crypt:1)
  3 naga simulacra
  7 river rats (D:6)
  4 shadow imps
  6 white imps
  2 ufetubi
  A worm (D:3)
  5 dart slugs
  74 orcs
  8 ball pythons
  6 endoplasms
  12 giant cockroaches
  7 goblins
  4 hobgoblins
  3 jackals (D:3)
  4 quokkas
  2 bats (D:3)
  11 frilled lizards
  2 goblin skeletons
  3 goblin zombies (D:9)
  3 hobgoblin zombies
  10 kobolds
  4 orc skeletons (D:9)
  9 orc zombies (D:9)
  5 rats
  4 fire vortices
  2 lurking horrors (Abyss:5)
  17 starspawn tentacles
3166 creatures vanquished.

Vanquished Creatures (collateral kills)
  An ancient lich (Zot:5)
  Saint Roka (Vaults:1)
  A tentacled monstrosity (Zot:4)
  4 Orb Guardians (Zot:5)
  A titan (Zot:3)
  A death cob (Zot:4)
  A storm dragon (Zot:5)
  A shadow dragon (Zot:4)
  A draconian monk (Zot:3)
  A draconian knight (Zot:4)
  A vault warden (Vaults:2)
  2 draconian shifters (Zot:4)
  2 green draconians
  A stone giant (Zot:3)
  2 white draconians (Zot:4)
  A red draconian (Zot:4)
  An ettin (Zot:3)
  A deep elf high priest (Elf:3)
  A hydra (D:15)
  A two-headed ogre (Zot:3)
  An ironbound frostheart (Vaults:2)
  A spriggan berserker (Depths:1)
  A death yak (Lair:3)
  An orc high priest (Orc:2)
  2 deep elf knights
  An iron troll (Zot:3)
  A deep elf zephyrmancer (Elf:1)
  An ugly thing (Depths:1)
  A salamander (Snake:2)
  A draconian (Abyss:3)
  9 moths of wrath
  2 yaks (Lair:2)
  A golden eye (Abyss:3)
  A centaur (D:8)
  A wight (D:7)
  A howler monkey (D:7)
52 creatures vanquished.

Vanquished Creatures (others)
  An ancient lich (Zot:5)
  2 orbs of fire (Zot:5)
  2 Killer Klowns (Zot:5)
  A tentacled monstrosity (Zot:2)
  4 Orb Guardians (Zot:5)
  A shadow dragon (Zot:2)
  5 fire giants
  A draconian monk (Zot:3)
  2 frost giants (Zot:3)
  A draconian stormcaller (Zot:3)
  A green draconian (Zot:3)
  3 stone giants (Zot:3)
  A bennu (Tomb:1)
  A black draconian (Zot:3)
  A red draconian (Zot:5)
  A two-headed ogre (Zot:3)
  An ogre mage (Depths:4)
  4 deep elf knights
  A large abomination (Abyss:5)
  2 deep trolls (Zot:3)
  A deep elf pyromancer (Elf:2)
  A lindwurm (Snake:4)
  A salamander (Snake:4)
  A moth of wrath (Zot:2)
  An unseen horror (Abyss:5)
  2 efreet (Zot:3)
  A troll (Zot:3)
  A bloated husk (Swamp:1)
  A blink frog (Lair:5)
  A water elemental (Elf:1)
  A golden eye (Abyss:5)
  A fire elemental (Elf:1)
  A steam dragon (Swamp:4)
  2 orc warriors
  A swamp drake (Swamp:4)
  5 ogres (Zot:3)
  A vampire bat (Depths:4)
  An orc wizard (D:11)
  An orc (Orc:2)
  A creeping inferno (Geh:2)
  24 foxfires
  3 lurking horrors (Abyss:5)
  55 starspawn tentacles
144 creatures vanquished.

Grand Total: 3362 creatures vanquished

Notes
Turn   | Place    | Note
-------+----------+-------------------------------------------
     0 | D:1      | Serulin the Gargoyle Fighter began the quest for the Orb.
     0 | D:1      | Reached XP level 1. HP: 14/14 MP: 1/1
   292 | D:1      | Reached XP level 2. HP: 18/19 MP: 2/2
   766 | D:2      | Found Zakiong's General Store.
   775 | D:2      | Bought a scroll of identify for 20 gold pieces
   865 | D:2      | Reached XP level 3. HP: 22/23 MP: 3/3
  1312 | D:3      | Reached XP level 4. HP: 29/29 MP: 4/4
  1489 | D:3      | Found a white marble altar of Elyvilon.
  1580 | D:3      | Reached skill level 4 in Armour
  1767 | D:4      | Reached XP level 5. HP: 33/33 MP: 5/5
  1796 | D:4      | Found a staircase to the Ecumenical Temple.
  1898 | D:4      | Found a glowing drain.
  1922 | D:4      | Reached skill level 1 in Dodging
  1931 | Sewer    | Entered a sewer
  2117 | Sewer    | Reached XP level 6. HP: 39/39 MP: 6/6
  2261 | Sewer    | Identified the +0 scale mail "Deuhiufamm" {Harm rC- rN+
                  | Dex+2}
  2272 | Sewer    | Gained mutation: You are covered in fur. (AC +1) [potion of
                  | mutation]
  2272 | Sewer    | Gained mutation: You occasionally lose the ability to drink
                  | potions when taking damage. [potion of mutation]
  2272 | Sewer    | Gained mutation: You are partially covered in large bone
                  | plates. (SH +4) [potion of mutation]
  2272 | Sewer    | Gained mutation: You have an increased reservoir of magic.
                  | (+10% MP) [potion of mutation]
  2417 | Temple   | Entered the Ecumenical Temple
  2442 | Temple   | Became a worshipper of Gozag Ym Sagoz the Greedy
  2888 | D:5      | Entered Level 5 of the Dungeon
  2950 | D:4      | Reached skill level 5 in Fighting
  2950 | D:4      | Reached XP level 7. HP: 44/44 MP: 7/7
  2953 | D:5      | Reached skill level 5 in Armour
  2997 | D:5      | Found a stormy altar of Qazlal.
  2997 | D:5      | Noticed Prince Ribbit
  3005 | D:5      | Killed Prince Ribbit
  3006 | D:5      | Reached skill level 5 in Shields
  3253 | D:5      | Noticed Blork the orc
  3269 | D:5      | Killed Blork the orc
  3331 | D:5      | Noticed Pikel
  3365 | D:5      | Killed Pikel
  3366 | D:5      | Reached skill level 5 in Maces & Flails
  3366 | D:5      | Reached skill level 6 in Armour
  3366 | D:5      | Reached XP level 8. HP: 52/52 MP: 8/8
  3502 | D:5      | Noticed Dowan
  3505 | D:5      | Noticed Duvessa
  3508 | D:5      | Killed Dowan
  3723 | D:4      | Killed Duvessa
  3731 | D:5      | Noticed Grinder
  3755 | D:5      | Paralysed by Grinder for 2 turns
  3765 | D:5      | Paralysed by Grinder for 2 turns
  3774 | D:5      | Killed Grinder
  3775 | D:5      | Reached skill level 7 in Armour
  3775 | D:5      | Reached XP level 9. HP: 57/57 MP: 9/9
  4660 | D:6      | Noticed Menkaure
  4664 | D:6      | Killed Menkaure
  4933 | D:6      | Noticed Edmund
  4970 | D:6      | Killed Edmund
  5326 | D:6      | Found the +2 ratskin cloak {*Rats rPois rN+ Str-1 Int-1
                  | Dex+1}
  5431 | D:7      | Reached skill level 8 in Armour
  5499 | D:7      | Reached XP level 10. HP: 64/64 MP: 11/11
  5682 | D:7      | Found a bloodstained altar of Trog.
  6194 | D:8      | Found a shimmering blue altar of Sif Muna.
  6194 | D:8      | Found a basalt altar of Yredelemnul.
  6201 | D:8      | Found a broken altar of Ashenzari.
  6339 | D:8      | Noticed Maurice
  6351 | D:8      | Killed Maurice
  6352 | D:8      | Reached skill level 9 in Armour
  6358 | D:8      | Found a glowing silver altar of Zin.
  6384 | D:8      | Found a hazy altar of Hepliaklqana.
  6581 | D:8      | Found a shadowy altar of Dithmenos.
  6922 | D:9      | Reached XP level 11. HP: 71/71 MP: 12/12
  7127 | D:9      | Found a staircase to the Orcish Mines.
  7254 | D:9      | Identified the +3 ring mail "Kyiriu" {Harm rN+ Str+4}
  7425 | D:9      | Found a staircase to the Lair.
  7917 | D:10     | Entered Level 10 of the Dungeon
  7939 | D:10     | Reached skill level 10 in Armour
  7970 | D:10     | Reached skill level 10 in Fighting
  7970 | D:10     | Reached skill level 10 in Shields
  8494 | D:10     | Found an iron altar of Okawaru.
  8699 | D:11     | Noticed a sun demon
  8703 | D:11     | Noticed a soul eater
  8723 | D:10     | Killed a sun demon
  8775 | D:11     | Killed a soul eater
  8809 | D:10     | Identified a scroll of acquirement
  8809 | D:10     | Acquired 983 gold pieces
  8821 | D:10     | Bought a polished plate armour for 952 gold pieces
  8821 | D:10     | Identified the +3 plate armour "Zivagub" {Fly rElec rPois
                  | Str-5} (You bought it in a shop on level 10 of the Dungeon)
  9066 | Lair:1   | Entered Level 1 of the Lair of Beasts
  9097 | Lair:1   | Noticed Fannar
  9124 | Lair:1   | Killed Fannar
  9200 | Lair:1   | Found a runed translucent gate.
  9200 | Lair:1   | Found a runed translucent gate.
  9200 | Lair:1   | Found a runed translucent gate.
  9200 | Lair:1   | Noticed a 12-headed hydra
  9201 | Lair:1   | Noticed an 11-headed hydra
  9201 | Lair:1   | Noticed rabbitsville's ghost (journeyman OgCj)
  9217 | Lair:1   | Reached XP level 12. HP: 79/79 MP: 13/13
  9221 | Lair:1   | Reached skill level 11 in Armour
  9252 | Lair:1   | Reached skill level 10 in Maces & Flails
  9276 | Lair:1   | Found a frozen archway.
  9296 | IceCv    | Entered an ice cave
  9521 | IceCv    | Noticed a death yak
  9521 | IceCv    | Found the +4 skin of Zhor {*Englaciate rC+++ SInv}
  9521 | IceCv    | Noticed a death yak
  9536 | IceCv    | Killed a death yak
  9541 | IceCv    | Killed a death yak
  9576 | IceCv    | Noticed an ironbound frostheart
  9576 | IceCv    | Noticed an ironbound frostheart
  9600 | IceCv    | Killed an ironbound frostheart
  9604 | IceCv    | Killed an ironbound frostheart
  9605 | IceCv    | Reached skill level 12 in Armour
  9835 | IceCv    | Reached XP level 13. HP: 75/86 MP: 14/14
 11323 | Lair:1   | Killed rabbitsville's ghost
 11352 | Lair:1   | Identified the +7 broad axe of the Lame Duck {pain, Str+5}
 11972 | Lair:2   | Noticed Amaemon
 11992 | Lair:2   | Killed Amaemon
 12078 | Lair:2   | Reached skill level 13 in Armour
 12191 | Lair:2   | Found a staircase to the Swamp.
 12204 | Lair:2   | You fall into a shaft and drop 2 floors!
 12283 | Lair:4   | Found a gate leading to a gauntlet.
 12306 | Gauntlet | Entered a Gauntlet
 12306 | Gauntlet | Found a transporter.
 12306 | Gauntlet | Found a runed translucent gate.
 12306 | Gauntlet | Found a transporter.
 12312 | Gauntlet | Found a transporter.
 12312 | Gauntlet | Found a transporter.
 12313 | Gauntlet | Found a runed translucent gate.
 12314 | Gauntlet | Found a runed translucent gate.
 12316 | Gauntlet | Found a transporter.
 12316 | Gauntlet | Found a transporter.
 12350 | Gauntlet | Found a transporter.
 12354 | Gauntlet | Found a transporter.
 12362 | Gauntlet | Found a transporter.
 12379 | Gauntlet | Found a transporter.
 12397 | Gauntlet | Found a transporter.
 12397 | Gauntlet | Found a transporter.
 12473 | Gauntlet | Gained mutation: Your large and strong wings let you fly.
                  | [Gargoyle growth]
 12473 | Gauntlet | Reached XP level 14. HP: 89/94 MP: 15/15
 12551 | Gauntlet | Identified the +4 whip "Vuklal" {heavy, Fragile rC++ Will+}
 13449 | Lair:3   | Found a staircase to the Snake Pit.
 13670 | Lair:3   | Reached skill level 5 in Dodging
 14353 | Lair:4   | Found a staircase to the Slime Pits.
 14885 | Lair:5   | Entered Level 5 of the Lair of Beasts
 15382 | Lair:5   | Reached skill level 14 in Armour
 15770 | Lair:5   | Found the macabre finger necklace {Finger+ rN+}
 15904 | Abyss:1  | Cast into level 1 of the Abyss (spriggan)
 15906 | Abyss:1  | Found a corrupted altar of Lugonu.
 15979 | Abyss:1  | Reached XP level 15. HP: 89/100 MP: 16/16
 16086 | Abyss:1  | Noticed a bone dragon
 16153 | Abyss:2  | Found a candlelit altar of Ignis.
 16203 | Abyss:2  | Noticed a tentacled starspawn
 16357 | Abyss:3  | Noticed a tentacled starspawn
 16386 | Abyss:3  | Killed a tentacled starspawn
 16527 | Abyss:3  | Noticed a hellephant
 16624 | Abyss:3  | Noticed a tentacled starspawn
 16640 | Abyss:3  | Killed a tentacled starspawn
 16644 | Lair:5   | Escaped the Abyss
 16669 | Lair:5   | Found a corrupted altar of Lugonu.
 16669 | Lair:5   | Found a one-way gate to the infinite horrors of the Abyss.
 17170 | Orc:1    | Entered Level 1 of the Orcish Mines
 17191 | Orc:1    | Noticed Jorgrun
 17419 | D:9      | Killed Jorgrun
 17836 | Orc:1    | Noticed Josephine
 17843 | Orc:1    | Killed Josephine
 17957 | Orc:1    | Found Mytitu's General Store.
 18150 | Orc:1    | Noticed Erica
 18193 | Orc:1    | Killed Erica
 18277 | Orc:1    | Noticed Fyreb's ghost (journeyman MiBe)
 18280 | Orc:1    | Found a runed translucent door.
 18333 | Orc:1    | Killed Fyreb's ghost
 18636 | Orc:2    | Entered Level 2 of the Orcish Mines
 18706 | Orc:2    | Found a staircase to the Elven Halls.
 18713 | Orc:2    | Found a burning altar of Makhleb.
 19009 | Orc:2    | Paralysed by an orc sorcerer for 4 turns
 19064 | Orc:2    | Found Pash's Assorted Antiques.
 19068 | Orc:2    | Reached skill level 15 in Fighting
 19084 | Orc:2    | Noticed an orc warlord
 19100 | Orc:2    | Found Ricsai's Jewellery Shoppe.
 19115 | Orc:2    | Killed an orc warlord
 19116 | Orc:2    | Reached skill level 15 in Armour
 19116 | Orc:2    | Reached skill level 15 in Shields
 19148 | Orc:2    | Found Ginaulla's Antique Armour Shoppe.
 19361 | Orc:2    | Bought the ring of Iwedopn {rF+++ rCorr AC+4 Str-2 Dex+6}
                  | for 1104 gold pieces
 19402 | Orc:2    | Paralysed by an orc sorcerer for 3 turns
 19521 | Orc:2    | Reached XP level 16. HP: 83/108 MP: 17/17
 19832 | Orc:2    | Found Misetosch's Antique Weapon Shoppe.
 19861 | Orc:2    | Bought a scorched flail for 238 gold pieces
 19861 | Orc:2    | Identified the +5 flail of the Open Hand {drain, MP+9 Dex+2
                  | SInv} (You bought it in a shop on level 2 of the Orcish
                  | Mines)
 20001 | Orc:2    | Found Kaan's Antique Weapon Shoppe.
 20132 | Elf:1    | Entered Level 1 of the Elven Halls
 20178 | Elf:1    | Paralysed by an air elemental for 1 turns
 21097 | Elf:1    | Found Ohownug's Antique Armour Emporium.
 21643 | Abyss:3  | Cast into level 3 of the Abyss (a deep elf sorcerer)
 21761 | Abyss:3  | Noticed a hellephant
 21825 | Abyss:3  | Noticed a tentacled starspawn
 22122 | Abyss:3  | Noticed a tentacled starspawn
 22132 | Abyss:3  | Killed a tentacled starspawn
 22269 | Abyss:3  | Noticed a tentacled starspawn
 22275 | Abyss:3  | Killed a tentacled starspawn
 22366 | Elf:1    | Escaped the Abyss
 22401 | Elf:1    | Noticed an Executioner
 22463 | Elf:1    | Noticed a Hell Sentinel
 22464 | Abyss:3  | Noticed a green draconian monk
 22464 | Abyss:3  | Cast into level 3 of the Abyss (a deep elf demonologist)
 22527 | Abyss:3  | Found a corrupted altar of Lugonu.
 22553 | Elf:1    | Escaped the Abyss
 22555 | Elf:1    | Noticed an Executioner
 22581 | Elf:1    | Reached skill level 16 in Armour
 22600 | Elf:1    | Reached XP level 17. HP: 88/115 MP: 18/18
 22690 | Elf:1    | You are sucked into a shaft and drop 1 floor!
 22694 | Elf:2    | Found Darph's Armour Shoppe.
 22707 | Elf:2    | Bought the +3 pair of gauntlets of War {Slay+5} for 855
                  | gold pieces
 22707 | Elf:2    | Found the +3 pair of gauntlets of War {Slay+5}
 23088 | Elf:2    | Found Atsiabig's Antique Armour Boutique.
 23339 | Elf:2    | Found Fonephev's Armour Shop.
 23460 | Elf:2    | Noticed Donald
 23477 | Elf:2    | Killed Donald
 23550 | Elf:2    | Found Zuda's Distillery.
 23554 | Elf:2    | Bought 2 potions of invisibility for 256 gold pieces
 23610 | Elf:2    | Found a runed translucent gate.
 23611 | Elf:2    | Found a runed translucent gate.
 23611 | Elf:2    | Found a runed translucent gate.
 23817 | Elf:2    | Reached skill level 15 in Maces & Flails
 24409 | Elf:3    | Entered Level 3 of the Elven Halls
 24647 | Elf:3    | Noticed a deep elf master archer
 24663 | Elf:2    | Noticed an Executioner
 24715 | Elf:3    | Killed a deep elf master archer
 24949 | Elf:3    | Noticed a deep elf blademaster
 24950 | Elf:3    | Identified the ring "Muibbyp" {rElec rF+ Will- Str+3 SInv}
 24953 | Elf:3    | Noticed a deep elf master archer
 24999 | Elf:2    | Killed a deep elf blademaster
 25078 | Elf:3    | Killed a deep elf master archer
 25369 | Elf:3    | Noticed a deep elf blademaster
 25369 | Elf:3    | Identified the ring "Dyt Huzis" {rPois rC+ rN++ Int-5 SInv}
 25381 | Elf:3    | Identified the +8 glaive "Comovis" {flame, *Rage rPois
                  | rF+++ rC-}
 25384 | Elf:3    | Identified the +2 morningstar "Lifebane" {heavy, Str+3
                  | Dex+2}
 25392 | Elf:3    | Identified the +3 leather armour "Noluw" {Dex+3}
 25399 | Elf:3    | Killed a deep elf blademaster
 25401 | Elf:3    | Reached skill level 1 in Axes
 25409 | Elf:3    | Reached XP level 18. HP: 117/122 MP: 19/19
 25414 | Elf:3    | Identified the ring of Xom's Capriciousness {Will+ MP+9
                  | Str+4 SInv}
 25464 | Elf:3    | Reached skill level 17 in Armour
 25642 | Elf:3    | Identified the staff of air "Uheicyg" {*Slow +Blink rElec
                  | rPois Int+2}
 25727 | Elf:3    | Got the Reference Book on the Jinx
 25750 | Elf:3    | Got the Excursus on the Flamy Geodesic
 25778 | Elf:3    | Paralysed by an air elemental for 1 turns
 26089 | Elf:3    | Identified the +5 mace "Faiprisod" {venom, rPois rF+++
                  | Str-3 SInv}
 26340 | Snake:1  | Entered Level 1 of the Snake Pit
 26348 | Snake:1  | Found a runed translucent gate.
 26348 | Snake:1  | Found a runed translucent gate.
 26348 | Snake:1  | Found a runed translucent gate.
 26456 | Snake:1  | Found an opulent altar of Gozag.
 26628 | Snake:1  | Found Yrol Ing's Assorted Antiques.
 26628 | Snake:1  | Noticed knightboat's ghost (adept KoEn)
 26655 | Snake:1  | Reached skill level 10 in Dodging
 26684 | Snake:1  | Killed knightboat's ghost
 26693 | Snake:1  | Bought a potion of berserk rage for 135 gold pieces
 28057 | Snake:2  | Noticed Aizul
 28072 | Snake:2  | Killed Aizul
 28634 | Snake:3  | Reached skill level 18 in Armour
 28707 | Snake:3  | Found Kuirufin's Weapon Emporium.
 29300 | Snake:3  | Identified the ring "Plog" {Fly rC- rN++ Int+4}
 29494 | Snake:3  | Found Kiadukku's Vocational Training.
 29628 | Snake:4  | Entered Level 4 of the Snake Pit
 29917 | Snake:4  | Reached XP level 19. HP: 106/130 MP: 20/20
 30148 | Snake:4  | Found Nomani Nolu's Assorted Antiques.
 30151 | Snake:4  | Found Bypec's Magic Scroll Shoppe.
 30151 | Snake:4  | Found Votonaen's Weapon Emporium.
 30154 | Snake:4  | Found Wiutosch's General Store.
 30180 | Snake:4  | Bought a scroll of teleportation for 45 gold pieces
 30180 | Snake:4  | Bought a scroll of teleportation for 45 gold pieces
 30181 | Snake:4  | Acquired a manual of Conjurations
 30199 | Snake:4  | Bought 2 bubbling orange potions for 64 gold pieces
 30214 | Snake:4  | Bought a scroll of blinking for 90 gold pieces
 30589 | Snake:4  | Reached skill level 19 in Armour
 31221 | Snake:4  | Got a serpentine rune of Zot
 31476 | Swamp:1  | Entered Level 1 of the Swamp
 32296 | Swamp:2  | Reached skill level 5 in Axes
 32753 | Swamp:2  | Reached skill level 20 in Armour
 33862 | Swamp:4  | Entered Level 4 of the Swamp
 33952 | Swamp:4  | Reached XP level 20. HP: 128/137 MP: 22/22
 34023 | Swamp:4  | Found a transporter.
 34051 | Swamp:4  | Found a transporter.
 34053 | Swamp:4  | Found the +7 captain's cutlass {speed, disarm}
 34054 | Swamp:4  | Noticed Palms's ghost (adept KoEn)
 35459 | Swamp:4  | Identified the +2 pair of gloves of the Gloaming {rF- rN+
                  | Int+9}
 35506 | Swamp:4  | Killed Palms's ghost
 35903 | D:11     | Noticed Erolcha
 35909 | D:11     | Killed Erolcha
 36620 | D:12     | Reached skill level 21 in Armour
 37740 | D:13     | Found a gate to the Vaults.
 37879 | D:14     | Noticed Lodul
 37891 | D:14     | Killed Lodul
 38681 | D:15     | Entered Level 15 of the Dungeon
 38730 | D:15     | Noticed Nessos
 38749 | D:15     | Killed Nessos
 38756 | D:15     | Found a staircase to the Depths.
 38883 | D:15     | Noticed Louise
 38935 | D:15     | Killed Louise
 39197 | Depths:1 | Entered Level 1 of the Depths
 39276 | Depths:1 | Reached skill level 22 in Armour
 39397 | Depths:1 | Reached XP level 21. HP: 130/144 MP: 23/23
 39492 | Depths:1 | Found a broken altar of Ashenzari.
 39846 | Depths:1 | Identified the +6 morningstar "Rofaamu" {freeze, Str+3
                  | Dex+3}
 40087 | Depths:1 | Found a gateway to Hell.
 40389 | Depths:2 | Identified the +0 robe "Jasiciz" {Str+5 Stlth-}
 40459 | Depths:2 | Noticed a golden dragon
 40484 | Depths:2 | Killed a golden dragon
 41149 | Depths:2 | Paralysed by a floating eye for 2 turns
 41197 | Depths:2 | Found a one-way gate leading to the halls of Pandemonium.
 41438 | Depths:2 | Found a burning altar of Makhleb.
 41440 | Depths:2 | Found a shimmering altar of Xom.
 41440 | Depths:2 | Found a sacrificial altar of Ru.
 41442 | Depths:2 | Found an opulent altar of Gozag.
 41442 | Depths:2 | Found a white marble altar of Elyvilon.
 41442 | Depths:2 | Found a shimmering altar of Xom.
 42159 | Depths:2 | Bought a scroll of enchant armour for 150 gold pieces
 42661 | Depths:3 | Noticed Sojobo
 42680 | Depths:3 | Killed Sojobo
 42855 | Depths:3 | Noticed Mara
 42868 | Depths:3 | Noticed Serulin's illusion
 43116 | Depths:3 | Noticed Serulin's illusion
 43120 | Depths:3 | Noticed Serulin's illusion
 43142 | Depths:3 | Noticed Serulin's illusion
 43151 | Depths:3 | Killed Mara
 43152 | Depths:3 | Reached XP level 22. HP: 125/152 MP: 24/24
 43269 | Depths:3 | Found the +10 morningstar "Eos" {elec, Halo rElec}
 43278 | Depths:3 | Noticed a golden dragon
 43289 | Depths:3 | Noticed a caustic shrike
 43293 | Depths:3 | Killed a golden dragon
 43294 | Depths:3 | Reached skill level 23 in Armour
 43299 | Depths:3 | Killed a caustic shrike
 43300 | Depths:3 | Reached skill level 10 in Axes
 43327 | Depths:3 | Noticed a golden dragon
 43341 | Depths:3 | Killed a golden dragon
 43842 | Depths:3 | Paralysed by a floating eye for 4 turns
 44316 | Depths:3 | Noticed a juggernaut
 44331 | Depths:3 | Killed a juggernaut
 44579 | Depths:3 | Noticed a caustic shrike
 44593 | Depths:3 | Killed a caustic shrike
 44651 | Depths:3 | Identified the +1 great sword "Yrerhep" {vamp, Drain rN+
                  | Str+6}
 44903 | Depths:4 | Entered Level 4 of the Depths
 44905 | Depths:4 | Found a one-way gateway to a ziggurat.
 44995 | Depths:3 | Bought a buzzing chain mail for 370 gold pieces
 44995 | Depths:3 | Identified the +1 chain mail of the Carpenter {rPois rF+
                  | Will+ Dex-4} (You bought it in a shop on level 3 of the
                  | Depths)
 45091 | Depths:4 | Got the Notes on Invitation
 45510 | Depths:4 | Got Qiegudghe's Folio of Transmogrification
 45640 | Depths:4 | Found a gate to the Realm of Zot.
 45640 | Depths:4 | Noticed a golden dragon
 45640 | Depths:4 | Noticed a golden dragon
 45648 | Depths:4 | Killed a golden dragon
 45670 | Depths:4 | Got the Parchment of the Chill
 45742 | Depths:4 | Killed a golden dragon
 46235 | Depths:4 | Reached XP level 23. HP: 153/158 MP: 25/25
 46512 | Vaults:1 | Entered Level 1 of the Vaults
 46704 | Vaults:1 | Noticed Saint Roka
 46735 | Vaults:1 | Killed Saint Roka
 47171 | Vaults:1 | Reached skill level 24 in Armour
 48103 | Vaults:2 | Noticed Nikola
 48115 | Vaults:2 | Killed Nikola
 48194 | Vaults:2 | Found a staircase to the Crypt.
 48194 | Vaults:2 | Found a basalt altar of Yredelemnul.
 48194 | Vaults:2 | Found an ancient bone altar of Kikubaaqudgha.
 48252 | Vaults:2 | Found a flickering gateway to a bazaar.
 48310 | Bazaar   | Entered a bazaar
 48314 | Bazaar   | Found Uhaecij's Jewellery Boutique.
 48339 | Bazaar   | Found Buacik's Antique Weapon Shoppe.
 48413 | Bazaar   | Found Tudogru's Antique Armour Boutique.
 48434 | Bazaar   | Found Elot's Antique Weapon Emporium.
 49145 | Vaults:2 | Noticed Frederick
 49155 | Vaults:2 | Killed Frederick
 49736 | Vaults:3 | Noticed Boris
 49758 | Vaults:3 | Killed Boris
 50226 | Vaults:3 | Noticed a golden dragon
 50236 | Vaults:3 | Killed a golden dragon
 50253 | Vaults:3 | Got the Thoughts on Arcane Combat
 50735 | Vaults:4 | Acquired the +3 pair of mountain boots {steadfast, rC+}
 50735 | Vaults:4 | Found the +3 pair of mountain boots {steadfast, rC+}
 50758 | Vaults:4 | Found a flickering gateway to a bazaar.
 50771 | Bazaar   | Entered a bazaar
 50771 | Bazaar   | Found Iday's Weapon Emporium.
 50771 | Bazaar   | Found Owydino's Antique Weapon Shoppe.
 50771 | Bazaar   | Found Daeseawkas's Antique Weapon Emporium.
 50773 | Bazaar   | Found Kamucois's General Store.
 50799 | Bazaar   | Bought a potion of mutation for 104 gold pieces
 50844 | Vaults:4 | Reached XP level 24. HP: 166/166 MP: 25/25
 50976 | Vaults:4 | Identified the +10 flail "Zoheek" {freeze, Str+5 Dex-4
                  | SInv}
 51157 | Vaults:4 | Identified the +9 trident "Peresigi" {spect, rC+ rCorr
                  | Int+2 Dex-3}
 51739 | Vaults:4 | Reached skill level 25 in Armour
 52040 | Vaults:5 | Entered Level 5 of the Vaults
 52282 | Vaults:5 | Noticed a dread lich
 52401 | Vaults:4 | Killed a dread lich
 52445 | Vaults:5 | Noticed a dread lich
 52508 | Vaults:4 | Killed a dread lich
 53043 | Vaults:5 | Identified the staff of air "Kaliakkupn" {rElec rC+ rN++
                  | Will- Dex+8}
 53046 | Vaults:5 | Got a silver rune of Zot
 53050 | Vaults:5 | Identified the +4 short sword "Killer Klown's Foe" {pain,
                  | rC+ Will+}
 53230 | Vaults:5 | Reached XP level 25. HP: 136/172 MP: 25/25
 53362 | Vaults:5 | Noticed an ancient lich
 53378 | Vaults:5 | Killed an ancient lich
 53431 | Vaults:5 | Identified the +8 short sword of the Big Fish {vamp, rElec
                  | rC+ Str+3 Dex-2 Stlth+}
 53985 | Vaults:5 | Identified the +1 robe "Qaizoukk" {Str+4}
 53997 | Vaults:5 | Reached skill level 15 in Dodging
 54035 | Vaults:5 | Identified the +9 sling "Ihyhostre" {heavy, rElec rPois
                  | Dex+3}
 54091 | Vaults:5 | Got the Almanac of Impulse
 54599 | Vaults:5 | Acquired 991 gold pieces
 54604 | Vaults:5 | Acquired a manual of Shields
 54609 | Vaults:5 | Bought a potion of berserk rage for 95 gold pieces
 54609 | Vaults:5 | Bought 2 potions of berserk rage for 190 gold pieces
 54609 | Vaults:5 | Bought a potion of might for 76 gold pieces
 54609 | Vaults:5 | Bought a potion of mutation for 152 gold pieces
 54609 | Vaults:5 | Bought a potion of might for 76 gold pieces
 54609 | Vaults:5 | Bought a potion of resistance for 190 gold pieces
 54609 | Vaults:5 | Bought a potion of invisibility for 152 gold pieces
 54921 | D:2      | Bought a potion of mutation for 80 gold pieces
 54921 | D:2      | Bought a sack of spiders for 400 gold pieces
 54921 | D:2      | Bought a scroll of enchant armour for 75 gold pieces
 55180 | Elf:2    | Bought a potion of mutation for 128 gold pieces
 55629 | D:10     | Bought a faintly glowing plate armour for 952 gold pieces
 55629 | D:10     | Identified the +9 plate armour "Boclumih" {Harm +Blink}
                  | (You bought it in a shop on level 10 of the Dungeon)
 55779 | Slime:1  | Entered Level 1 of the Pits of Slime
 55916 | Snake:3  | Bought a manual of Evocations for 1680 gold pieces
 56050 | Slime:1  | Gained mutation: You are occasionally teleported next to
                  | monsters. [a shining eye]
 56059 | Slime:1  | Reached skill level 1 in Invocations
 56143 | Slime:2  | Gained mutation: You have hidden genetic defects. [a
                  | shining eye]
 56229 | Slime:1  | Reached skill level 15 in Axes
 56277 | Slime:2  | Gained mutation: You occasionally lose the ability to read
                  | scrolls when taking damage. [a shining eye]
 56419 | Slime:3  | Lost mutation: You are partially covered in large bone
                  | plates. (SH +4) [a shining eye]
 56484 | Slime:5  | Entered Level 5 of the Pits of Slime
 56590 | Slime:5  | Reached skill level 26 in Armour
 56643 | Slime:5  | Noticed the Royal Jelly
 56680 | Slime:5  | Killed the Royal Jelly
 56701 | Slime:5  | Gained mutation: You are dopey. (Int -2) [hidden defects]
 56716 | Slime:5  | Lost mutation: You have hidden genetic defects. [potion of
                  | mutation]
 56716 | Slime:5  | Lost mutation: You occasionally lose the ability to read
                  | scrolls when taking damage. [potion of mutation]
 56716 | Slime:5  | Lost mutation: You occasionally lose the ability to drink
                  | potions when taking damage. [potion of mutation]
 56716 | Slime:5  | Gained mutation: Your natural rate of healing is unusually
                  | fast. [potion of mutation]
 56716 | Slime:5  | Gained mutation: You are partially covered in iridescent
                  | scales. (AC +2) [potion of mutation]
 56716 | Slime:5  | Gained mutation: Your spells are a little harder to cast,
                  | but a little more powerful. [potion of mutation]
 56802 | Slime:5  | Identified the +0 robe of Resourcefulness {Int+3}
 56812 | Slime:5  | Got the Almanac of Cinders
 56836 | Slime:5  | Identified the +1 great mace of Gallantry {freeze, Dex+4}
 56858 | Slime:5  | Got the Excursus on Energy
 56860 | Slime:5  | Got a slimy rune of Zot
 56861 | Slime:5  | Identified the +6 shortbow "Qekk" {flame, rElec rN+++
                  | Str+4}
 56900 | Slime:5  | Identified the +4 ring mail of Yredelemnul's Whim {+Blink
                  | Fly rElec rC-}
 56934 | Slime:5  | Identified the +6 flail of the Voracious God {flame, rC+
                  | Dex+2 SInv}
 56939 | Slime:5  | Identified the staff of fire "Zaylauco" {Drain Fly rF+
                  | Str+2 Int+4}
 57167 | Lair:5   | Voluntarily entered the Abyss.
 57196 | Abyss:3  | Reached skill level 5 in Invocations
 57374 | Abyss:4  | Found a shimmering altar of Xom.
 57374 | Abyss:4  | Found a shimmering altar of Xom.
 57376 | Abyss:4  | Found a shimmering altar of Xom.
 57376 | Abyss:4  | Found a shimmering altar of Xom.
 57398 | Abyss:4  | Found a corrupted altar of Lugonu.
 57463 | Abyss:4  | Found a corrupted altar of Lugonu.
 57469 | Abyss:4  | Found a corrupted altar of Lugonu.
 57469 | Abyss:4  | Found a corrupted altar of Lugonu.
 57618 | Abyss:5  | Got an abyssal rune of Zot
 57781 | Abyss:5  | Reached XP level 26. HP: 166/180 MP: 30/30
 58015 | Abyss:5  | Paralysed by accursed screaming for 1 turns
 58020 | Lair:5   | Escaped the Abyss
 58071 | Lair:5   | Voluntarily entered the Abyss.
 58082 | Abyss:5  | Found a corrupted altar of Lugonu.
 58154 | Abyss:5  | Reached skill level 1 in Evocations
 58316 | Abyss:5  | Found a corrupted altar of Lugonu.
 58458 | Abyss:5  | Reached skill level 5 in Evocations
 58798 | Abyss:5  | Gained mutation: You occasionally lose the ability to read
                  | scrolls when taking damage. [a neqoxec]
 58802 | Abyss:5  | Gained mutation: You sometimes lose the ability to read
                  | scrolls when taking damage. [a neqoxec]
 59173 | Abyss:5  | Reached XP level 27. HP: 186/186 MP: 31/31
 59276 | Abyss:5  | Gained mutation: You are weak. (Str -2) [a neqoxec]
 59297 | Abyss:5  | Reached skill level 10 in Evocations
 59302 | Abyss:5  | Paralysed by accursed screaming for 1 turns
 59307 | Abyss:5  | Lost mutation: You have an increased reservoir of magic.
                  | (+10% MP) [a neqoxec]
 59712 | Lair:5   | Escaped the Abyss
 59714 | Lair:5   | Lost mutation: You sometimes lose the ability to read
                  | scrolls when taking damage. [potion of mutation]
 59714 | Lair:5   | Lost mutation: You are partially covered in iridescent
                  | scales. (AC +2) [potion of mutation]
 59714 | Lair:5   | Lost mutation: You are weak. (Str -2) [potion of mutation]
 59714 | Lair:5   | Gained mutation: You are frail. (-10% HP) [potion of
                  | mutation]
 59714 | Lair:5   | Gained mutation: You expend magic power (3 MP) to
                  | strengthen your wands. [potion of mutation]
 59714 | Lair:5   | Gained mutation: You have a somewhat thin skeletal
                  | structure. (Dex +2, Stealth+) [potion of mutation]
 59715 | Lair:5   | Lost mutation: You are dopey. (Int -2) [potion of mutation]
 59715 | Lair:5   | Lost mutation: Your natural rate of healing is unusually
                  | fast. [potion of mutation]
 59715 | Lair:5   | Lost mutation: You are covered in fur. (AC +1) [potion of
                  | mutation]
 59715 | Lair:5   | Lost mutation: You have a somewhat thin skeletal structure.
                  | (Dex +2, Stealth+) [potion of mutation]
 59716 | Lair:5   | Lost mutation: You are occasionally teleported next to
                  | monsters. [potion of mutation]
 59716 | Lair:5   | Lost mutation: Your spells are a little harder to cast, but
                  | a little more powerful. [potion of mutation]
 59716 | Lair:5   | Lost mutation: You expend magic power (3 MP) to strengthen
                  | your wands. [potion of mutation]
 59716 | Lair:5   | Lost mutation: You are frail. (-10% HP) [potion of
                  | mutation]
 59717 | Lair:5   | Lost mutation: You occasionally lose the ability to read
                  | scrolls when taking damage. [potion of mutation]
 59717 | Lair:5   | Gained mutation: You possess an exceptional clarity of
                  | mind. [potion of mutation]
 59717 | Lair:5   | Gained mutation: You occasionally lose the ability to read
                  | scrolls when taking damage. [potion of mutation]
 59717 | Lair:5   | Gained mutation: You have hidden genetic potential. [potion
                  | of mutation]
 59990 | Hell     | Entered the Vestibule of Hell
 59990 | Hell     | Noticed Geryon
 60122 | Hell     | Reached skill level 27 in Armour
 60302 | Hell     | Reached skill level 1 in Spellcasting
 60379 | Hell     | Killed Geryon
 60539 | Hell     | Noticed Murray
 60571 | Depths:1 | Killed Murray
 60695 | Hell     | Found a gateway to the ashen valley of Gehenna.
 61087 | Crypt:1  | Entered Level 1 of the Crypt
 61157 | Crypt:1  | Reached skill level 1 in Ranged Weapons
 61412 | Crypt:1  | Noticed Khufu
 61650 | Crypt:1  | Noticed a royal mummy
 61681 | Crypt:1  | Killed a royal mummy
 61896 | Crypt:1  | Killed Khufu
 63298 | Crypt:1  | Found a basalt altar of Yredelemnul.
 63578 | Crypt:3  | Entered Level 3 of the Crypt
 63897 | Crypt:3  | Found a staircase to the Tomb.
 64062 | Crypt:3  | Noticed Margery
 64067 | Crypt:3  | Reached skill level 5 in Spellcasting
 64080 | Crypt:3  | Killed Margery
 64425 | Crypt:3  | Noticed a dread lich
 64426 | Crypt:3  | Found a basalt altar of Yredelemnul.
 64432 | Crypt:3  | Killed a dread lich
 64890 | Tomb:1   | Entered Level 1 of the Tomb of the Ancients
 65130 | Tomb:1   | Gained mutation: Your spells are a little harder to cast,
                  | but a little more powerful. [hidden potential]
 65344 | Tomb:1   | Noticed a royal mummy
 65396 | Tomb:1   | Killed a royal mummy
 66290 | Tomb:2   | Noticed a royal mummy
 66310 | Tomb:2   | Noticed a royal mummy
 66312 | Tomb:2   | Killed a royal mummy
 66313 | Tomb:2   | Noticed a royal mummy
 66507 | Tomb:2   | Noticed a royal mummy
 66512 | Tomb:2   | Killed a royal mummy
 66531 | Tomb:2   | Killed a royal mummy
 66535 | Tomb:2   | Killed a royal mummy
 66875 | Tomb:2   | Identified the +0 leather armour "Muaturau" {rF++}
 67354 | Tomb:1   | Noticed a royal mummy
 67354 | Tomb:1   | Noticed a royal mummy
 67363 | Tomb:1   | Killed a royal mummy
 67370 | Tomb:1   | Noticed a royal mummy
 67371 | Tomb:1   | Killed a royal mummy
 67372 | Tomb:1   | Noticed a royal mummy
 67381 | Tomb:1   | Killed a royal mummy
 67382 | Tomb:1   | Noticed a royal mummy
 67384 | Tomb:1   | Noticed a royal mummy
 67389 | Tomb:1   | Noticed a royal mummy
 68127 | Geh:1    | Entered Level 1 of Gehenna
 68589 | Hell     | Found a gateway to the freezing wastes of Cocytus.
 68679 | Hell     | Found a gateway to the Iron City of Dis.
 68920 | Hell     | Found a gateway to the decaying netherworld of Tartarus.
 69451 | Geh:2    | Noticed a dread lich
 69748 | Zot:1    | Entered Level 1 of the Realm of Zot
 69802 | Zot:1    | Noticed an orb of fire
 69957 | Zot:1    | Reached skill level 1 in Conjurations
 69962 | Zot:1    | Killed an orb of fire
 69988 | Zot:1    | Reached skill level 10 in Spellcasting
 70628 | Zot:1    | Gained mutation: You have large cloven feet. [hidden
                  | potential]
 70628 | Zot:1    | Lost mutation: You have hidden genetic potential. [hidden
                  | potential expressed]
 71563 | Zot:2    | Reached skill level 5 in Conjurations
 71580 | Zot:2    | Noticed an orb of fire
 71683 | Zot:2    | Killed an orb of fire
 71690 | Zot:2    | Noticed Grunn
 71704 | Zot:2    | Killed Grunn
 72414 | Zot:3    | Identified the +7 scimitar of Freehold {flame, +Blink}
 72932 | Zot:4    | Noticed an orb of fire
 73004 | Zot:4    | Reached skill level 1 in Earth Magic
 73976 | Zot:5    | Entered Level 5 of the Realm of Zot
 74105 | Zot:5    | Noticed an ancient lich
 74109 | Zot:5    | Noticed a dread lich
 74115 | Zot:5    | Killed an ancient lich
 74124 | Zot:5    | Killed a dread lich
 74190 | Zot:5    | Noticed an orb of fire
 74198 | Zot:5    | Noticed an orb of fire
 74201 | Zot:5    | Noticed an orb of fire
 74205 | Zot:5    | Noticed an ancient lich
 74208 | Zot:5    | Killed an orb of fire
 74216 | Zot:5    | Gained mutation: You are clumsy. (Dex -2) [an orb of fire]
 74219 | Zot:5    | Killed an ancient lich
 74251 | Zot:5    | Noticed an ancient lich
 74266 | Zot:5    | Killed an ancient lich
 74279 | Zot:5    | Reached skill level 5 in Earth Magic
 74282 | Zot:5    | Gained mutation: Potions are less effective at restoring
                  | your health. [an orb of fire]
 74319 | Zot:5    | Killed an orb of fire
 74382 | Zot:5    | Noticed an orb of fire
 74456 | Zot:5    | Killed an orb of fire
 74461 | Zot:5    | Noticed an orb of fire
 74548 | Zot:5    | Reached skill level 10 in Conjurations
 74722 | Zot:5    | Lost mutation: You possess an exceptional clarity of mind.
                  | [an orb of fire]
 74724 | Zot:5    | Noticed an ancient lich
 74724 | Zot:5    | Gained mutation: Your flesh is cold resistant. (rC+) [an
                  | orb of fire]
 74725 | Zot:5    | Killed an orb of fire
 74758 | Zot:5    | Got the Orb of Zot
 74837 | Zot:5    | Killed an ancient lich
 74924 | Zot:3    | Noticed Boris
 74943 | Zot:3    | Killed Boris
 75013 | Depths:4 | Noticed Inofuorhe the pandemonium lord
 75121 | Depths:1 | Noticed Soutoar the pandemonium lord
 75438 | D:$      | Escaped with the Orb!

Illustrated notes

Levels and vault maps discovered:
D:1:      heliophobic_arrival_battle_scene, layout_loops_ring, chequers_jeans,
          minmay_pentomino_v2
D:2:      layout_loops_ring, serial_shops, nicolae_shop_tiny_glass,
          hangedman_decor_push
D:3:      layout_rooms, lemuel_doored_altar
D:4:      layout_basic, minmay_temple_entry_antechambers, gup_sewer_entry_glass
D:5:      layout_layer_cave, nicolae_qazlal_style_of_elements, uniq_grinder,
          uniq_pikel, uniq_duvessa, uniq_prince_ribbit1, uniq_blork_the_orc
D:6:      wander_guarded_unrand_ratskin, layout_loops_ring, grunt_ministairs_9,
          uniq_edmund, uniq_menkaure
D:7:      layout_basic, kennysheep_mini_moat, st_stairs_11
D:8:      layout_cave_pools, overflow_temple_1_default, general_overflow_altar,
          gammafunk_temple_overflow_forgotten,
          mainiacjoe_overflow_six_doors_small, chequers_serial_rivers_small_3,
          amcnicky_mini_pool_small, hangedman_abyss_or_decor_lesser_grid,
          nicolae_concentric_dashed_squares_wild,
          amcnicky_mini_corridor_feature, uniq_maurice
D:9:      layout_loops_corners, lair_entry_dummy, zombieorc1_lemuel
D:10:     layout_basic, okawaru_trees_2, st_stairs_8
D:11:     layout_cave_pools, serial_demonic, serial_demonic_c, serial_demonic_f,
          serial_demonic_b, serial_demonic_e, uniq_erolcha
D:12:     layout_long_grid, serial_glass, glass_columns_b, glass_columns_b
D:13:     layout_roguey, david_vaults_1
D:14:     layout_roguey, uniq_lodul
D:15:     gammafunk_depths_entry_grave, layout_basic, drop_trap, uniq_louise,
          uniq_nessos
Temple:   hellmonk_temple_two_chambers
Lair:1:   layout_regular_city, portal_ice_cave_demonic_guard,
          gammafunk_ghost_hydra_chop, nicolae_lair_lindhole, grunt_megastairs_1,
          uniq_fannar
Lair:2:   layout_cave_pods, skrybe_swamp_entry_bodies, grunt_megastairs_3,
          infiniplex_staircase_pool_2, uniq_amaemon
Lair:3:   layout_roguey, minmay_snake_entry_spellcaster
Lair:4:   layout_loops_ring, nicolae_slime_entry_slimehenge,
          gauntlet_entry_generic, serial_forest, infiniplex_forest_clump_medium,
          infiniplex_forest_lined_room_2, infiniplex_forest_clump_double,
          infiniplex_forest_lined_corner, infiniplex_forest_lined_corner,
          infiniplex_forest_end_1, infiniplex_forest_clump_curved,
          infiniplex_forest_clump_large
Lair:5:   hellmonk_lair_end_abyssal_woods, layout_gridlike, serial_bayou_shore_a
Swamp:1:  layout_basic_swamp, nicolae_swamp_small_spring
Swamp:2:  layout_basic_swamp, nicolae_swamp_big_swirl, swamp_pool2,
          nicolae_swamp_little_tower, infiniplex_staircase_pool
Swamp:3:  layout_basic_swamp, nicolae_swamp_fairy_circle
Swamp:4:  swamp_fiery, layout_basic_swamp, gammafunk_ghost_berserking_beasts,
          swamp_pool3
Snake:1:  layout_misc_corridors, ebering_ghost_gozag, nicolae_letterblocks
          [nicolae_letter_subblock, nicolae_letter_subblock,
          nicolae_letter_subblock, nicolae_letter_subblock,
          nicolae_letter_subblock, nicolae_letter_subblock,
          nicolae_letter_subblock, nicolae_letter_subblock,
          nicolae_letter_subblock, nicolae_letter_subblock,
          nicolae_letter_subblock, nicolae_letter_subblock,
          nicolae_letter_subblock, nicolae_letter_subblock,
          nicolae_letter_subblock, nicolae_letter_subblock,
          nicolae_letter_subblock, nicolae_letter_subblock,
          nicolae_letter_subblock, nicolae_letter_subblock,
          nicolae_letter_subblock, nicolae_letter_subblock,
          nicolae_letter_subblock, nicolae_letter_subblock,
          nicolae_letter_subblock]
Snake:2:  layout_chambers, nicolae_snake_flat_spine, uniq_aizul
Snake:3:  minmay_snake_river, layout_misc_corridors, nicolae_shop_vocational,
          minmay_shop_star, serial_bayou_shore_b
Snake:4:  snake_pit_salamanders_mu, layout_misc_corridors, serial_bayou_shore_b,
          minmay_shoptagon
Slime:1:  layout_caves
Slime:2:  layout_caves
Slime:3:  layout_caves
Slime:4:  layout_caves
Slime:5
Orc:1:    layout_diamond_mine, hellmonk_ghost_happy_afterlife, serial_shops,
          shop, uniq_josephine, uniq_erica, uniq_jorgrun
Orc:2:    hellmonk_orc_salted, layout_caves, serial_shops, nicolae_shop_trees,
          bloody_makhleb
Elf:1:    elf_arrival_001, layout_loops_corners, serial_shops, shop,
          evilmike_minifort
Elf:2:    nicolae_elf_blades_crystal_corner, layout_rooms, serial_shops, shop,
          nicolae_shop_crystal, nicolae_shop_statue_plus, shop, uniq_donald
Elf:3:    grunt_elf_hall_branching, layout_geoelf_diagonals
Vaults:1: grunt_vaults_funnel, st_lines, nicolae_vaults_more_shelving_2,
          v_misc_33, ontoclasm_vaults_bender, v_misc_13,
          nicolae_vaults_stairing_the_circle, vaults_room_fours,
          nicolae_vaults_alarming, layout_vaults_big_cross, uniq_saint_roka
Vaults:2: minmay_crypt_entry_necro_gods, nicolae_vaults_frosty_reception,
          nicolae_vaults_storage_closets_1, nicolae_vaults_specimen_jars,
          v_misc_8, v_misc_1, v_misc_24, v_rooms_4,
          ontoclasm_vaults_loading_screen, nicolae_vaults_mini_display_case,
          hangedman_vaults_cutoff, vaults_dpeg_emergency_exit,
          nicolae_vaults_security_offices_2, layout_vaults_big_room,
          serial_shops, bzr_entry_gold, uniq_nikola, uniq_frederick
Vaults:3: v_alt_pattern_2, vaults_room_octagon, ontoclasm_vaults_tryst,
          v_alt_pattern_3, v_misc_12, v_misc_22,
          nicolae_vaults_trapezoid_lopsided_3, nicolae_vaults_lightning_bolt,
          vaults_room_semicircle, serial_ice_h, vaults_mumra_minichess,
          nicolae_vaults_surprise_closet_hard, layout_vaults_maze_bifur,
          uniq_boris
Vaults:4: nicolae_vaults_storage_closets_3, v_misc_29,
          nicolae_vaults_circle_grid_a, nicolae_vaults_double_plus_3,
          vaults_mumra_hexcomb, v_misc_29, v_rooms_2,
          nicolae_vaults_double_plus_2, nicolae_vaults_sesquioval_fish,
          ontoclasm_vaults_misaligned, nicolae_vaults_tetromino_T_1,
          layout_vaults_ring, serial_shops, bzr_entry_islet
Vaults:5
Crypt:1:  layout_basic, grunt_crypt_arrival_guarded_gate, lemuel_upstairs_altar,
          uniq_khufu
Crypt:2:  layout_gridlike
Crypt:3:  cryptofortress_bobbens, uniq_margery
Tomb:1
Tomb:2
Depths:1: layout_big_octagon, pf_hell_entry_great_geh, grunt_decor_clamped,
          nicolae_ashenzari_panopticon
Depths:2: minmay_crescents, layout_cave_shapes, rand_demon_pan_entry_3,
          grunt_hell_horde, abyss_entry_crystal, doesnt_xom_only_xom
Depths:3: angbandy_vault, layout_gridlike, abyss_entry, hell_entry, uniq_sojobo,
          uniq_josephina, uniq_mara
Depths:4: grunt_zot_entry_funnels, layout_twisted_cross, enter_ziggurat_c,
          rand_demon_pan_entry_5, serial_hangedman_research,
          hangedman_research_quantum, hangedman_research_thermodynamics,
          hangedman_research_metamorphosis, hangedman_research_convocations,
          hangedman_research_pyrotechnics, hangedman_tar_grid_catacomb,
          minmay_misc_feat_plants, chequers_serial_rivers_marsh
Hell
Geh:1:    layout_gehenna_pools_triple
Geh:2:    layout_gehenna_pools_triple
Zot:1:    layout_gridlike, st_stairs_12
Zot:2:    layout_onion_interference, lemuel_golem_globe, uniq_grunn
Zot:3:    lemuel_halls_of_wrath, layout_basic
Zot:4:    layout_concentric_octagons
Zot:5:    layout_misc_corridors

Skill      XL: |  1  2  3  4  5  6  7  8  9 10 11 12 13 14 15 16 17 18 19 20 21 22 23 24 25 26 27 |
---------------+----------------------------------------------------------------------------------+-----
Shields        | 4 6 7 8 9 10 12 13 14 15 16 17 18 19 20 21 22 23 26 | 26.7
Armour         | 4 6 7 8 9 10 12 13 14 15 16 18 20 22 23 24 25 26 27 | 27.0
Fighting       | 4 5 6 7 8 9 10 12 13 14 15 16 17 18 19 20 21 22 25 | 25.5
Maces & Flails | 3 5 6 7 8 9 11 12 13 14 15 | 15.3
Dodging        | 1 4 5 7 8 9 10 11 12 13 14 15 16 17 | 17.9
Axes           | 1 3 5 7 9 11 13 14 15 16 18 | 18.4
Invocations    | 6 7 |  7.6
Evocations     | 9 12 | 12.4
Spellcasting   | 13 | 13.3
Ranged Weapons | 3 |  3.4
Conjurations   | 10 | 10.7
Earth Magic    | 6 |  6.3

Action                     |  1- 3 |  4- 6 |  7- 9 | 10-12 | 13-15 | 16-18 | 19-21 | 22-24 | 25-27 || total
---------------------------+-------+-------+-------+-------+-------+-------+-------+-------+-------++-------
  Melee: Flail             |    95 |   271 |   356 |    99 |       |       |       |       |       ||   821
         Whip              |       |       |    48 |       |       |       |       |       |       ||    48
         Unarmed           |       |       |     4 |       |       |       |       |       |       ||     4
         Morningstar       |       |       |       |   579 |  1417 |   853 |   160 |       |       ||  3009
         Broad axe         |       |       |       |       |       |   608 |  1610 |  1659 |  3765 ||  7642
  Throw: Javelin           |       |       |       |       |       |       |       |       |     2 ||     2
 Invoke: Call Merchant     |       |       |       |     2 |     1 |     3 |     3 |     2 |     1 ||    12
         Potion Petition   |       |       |       |     1 |     1 |     1 |       |     2 |    11 ||    16
         Bribe Branch      |       |       |       |       |       |       |       |       |     2 ||     2
Ability: Evoke Blink       |       |       |       |       |       |       |       |       |     9 ||     9
  Evoke: Wand              |       |       |    12 |     2 |       |       |    41 |       |     5 ||    60
         Tin of tremorston |       |       |       |       |     1 |       |     2 |       |       ||     3
         Lightning rod     |       |       |       |       |       |       |     4 |       |       ||     4
    Use: Scroll            |     4 |     6 |     1 |    11 |    10 |     4 |     5 |     6 |    14 ||    61
         Potion            |       |     1 |     1 |     3 |     8 |     1 |     5 |     1 |    26 ||    46
   Stab: Distracted        |       |       |     1 |     4 |     4 |     6 |    17 |    14 |    38 ||    84
         Sleeping          |       |       |       |       |       |     1 |       |       |       ||     1
         Invisible         |       |       |       |       |       |       |       |       |     4 ||     4
         Paralysed         |       |       |       |       |       |       |       |       |     1 ||     1
 Armour: Scale mail        |    34 |    85 |       |       |       |       |       |       |       ||   119
         Plate armour      |       |    15 |   220 |   393 |       |       |       |       |   604 ||  1232
         Skin              |       |       |     1 |       |       |       |       |       |       ||     1
         Ice dragon scales |       |       |       |     9 |   547 |   517 |   782 |   446 |    29 ||  2330
  Dodge: Dodged            |    73 |   166 |   155 |   358 |   654 |   590 |   669 |   348 |   533 ||  3546
  Block: Buckler           |    19 |    16 |       |   126 |   419 |       |       |       |       ||   580
         Kite shield       |       |   121 |   307 |   513 |  1119 |  1374 |  1837 |   972 |       ||  6243
         Reflection        |       |       |       |     1 |    15 |   121 |    92 |    82 |    68 ||   379
         Tower shield      |       |       |       |       |       |       |       |   229 |  2800 ||  3029

Table legend: (Time is in decaauts)
 A = Elapsed time spent in this place.
 B = Non-inter-level travel time spent in this place.
 C = Inter-level travel time spent in this place.
 D = Time resting spent in this place.
 E = Time spent auto-exploring this place.
 F = Levels seen in this place.
 G = Mean time per level.
                   A        B        C        D        E       F      G
               +--------+--------+--------+--------+--------+-----+--------+
         Total |  72413 |  67005 |   5408 |   5863 |  39825 |  75 |  965.5 |
       Dungeon |  14247 |  12953 |   1294 |    750 |   8575 |  15 |  949.8 |
        Temple |     40 |     37 |      3 |      0 |      0 |   1 |   40.0 |
          Lair |   6724 |   5729 |    995 |    277 |   3762 |   5 | 1344.8 |
         Swamp |   3747 |   3470 |    277 |    128 |   2373 |   4 |  936.8 |
     Snake Pit |   5228 |   4754 |    474 |     80 |   3448 |   4 | 1307.0 |
    Slime Pits |    891 |    891 |      0 |    101 |     29 |   5 |  178.2 |
  Orcish Mines |   2643 |   2334 |    309 |    189 |   1337 |   2 | 1321.5 |
   Elven Halls |   5530 |   4953 |    577 |    757 |   2535 |   3 | 1843.3 |
        Vaults |   7794 |   7294 |    500 |    456 |   5036 |   5 | 1558.8 |
         Crypt |   3444 |   3245 |    199 |    169 |   2420 |   3 | 1148.0 |
          Tomb |   2779 |   2606 |    173 |    605 |   1301 |   2 | 1389.5 |
        Depths |   8022 |   7655 |    367 |   1503 |   4265 |   4 | 2005.5 |
          Hell |   1318 |   1269 |     49 |    334 |    516 |   1 | 1318.0 |
       Gehenna |    319 |    306 |     13 |      0 |    173 |   2 |  159.5 |
           Zot |   4615 |   4444 |    171 |    353 |   2839 |   5 |  923.0 |
         Abyss |   3307 |   3307 |      0 |    116 |    520 |   9 |  367.4 |
        Bazaar |    199 |    199 |      0 |      0 |    106 |   2 |   99.5 |
         Sewer |    434 |    434 |      0 |      0 |    114 |   1 |  434.0 |
      Ice Cave |    732 |    732 |      0 |     44 |    366 |   1 |  732.0 |
      Gauntlet |    390 |    390 |      0 |      0 |    108 |   1 |  390.0 |
               +--------+--------+--------+--------+--------+-----+--------+

Top non-repeatable levels by time:
Depths:3: 2368 daAuts
   Elf:1: 2269 daAuts
     D:9: 2221 daAuts
   Elf:2: 2044 daAuts
Depths:1: 2022 daAuts
Depths:2: 1984 daAuts
Vaults:4: 1946 daAuts
 Snake:2: 1708 daAuts
Vaults:5: 1673 daAuts
 Snake:4: 1671 daAuts
  Tomb:1: 1669 daAuts
Depths:4: 1647 daAuts
     D:5: 1611 daAuts
Vaults:1: 1589 daAuts
   Orc:2: 1589 daAuts
